 Dungeon Crawl Stone Soup version 0.31.0-2-g5a2aebc5c2 (webtiles) character file.

Game seed: 9638996604034626100

45 EnegeticOcto the Shield-Bearer (level 3, -2/33 HPs)
             Began as a Minotaur Fighter on Jan 20, 2024.
             Slain by an orc
             ... wielding a +0 hand axe
              (6 damage)
             ... on level 3 of the Dungeon.
             The game lasted 00:00:30 (1110 turns).

EnegeticOcto the Shield-Bearer (Minotaur Fighter)   Turns: 1110, Time: 00:00:31

Health: -2/33      AC: 10    Str: 22    XL:     3   Next: 42%
Magic:  2/2        EV:  9    Int:  5    God:
Gold:   104        SH:  4    Dex:  9    Spells: 2/2 levels left

rFire   . . .        a - +0 war axe
rCold   . . .        c - +0 buckler
rNeg    . . .        b - +0 scale mail
rPois   .            (helmet restricted)
rElec   .            (no cloak)
rCorr   .            (no gloves)
SInv    .            j - +2 pair of boots
Will    .....        (no amulet) Stlth
                     (no ring)
HPRegen 0.25/turn    (no ring)
MPRegen 0.08/turn

%: no passive effects
@: lethally poisoned (-2 -> -2)
A: horns 2, retaliatory headbutt
a: no special abilities


You were on level 3 of the Dungeon.
You visited 1 branch of the dungeon, and saw 3 of its levels.

You collected 104 gold pieces.

Inventory:

Hand Weapons
 a - a +0 war axe (weapon)
Armour
 b - a +0 scale mail (worn)
 c - a +0 buckler (worn)
 j - a +2 pair of boots (worn)
   (You found it on level 2 of the Dungeon)
Wands
 i - a wand of flame (5) {@v4}
   (You found it on level 2 of the Dungeon)
Scrolls
 e - a scroll of blinking {unknown}
 f - 4 scrolls of identify {unknown}
Potions
 d - 2 potions of might {@q3}
 g - a potion of curing {unknown}
 h - a potion of heal wounds {unknown}


   Skills:
 + Level 4.0 Fighting
 * Level 3.5 Axes
 + Level 4.0 Armour
 + Level 4.0 Shields


You had 2 spell levels left.
You didn't know any spells.
Your spell library was empty.

Dungeon Overview and Level Annotations

Branches:
Dungeon (3/15)

Altars:


Innate Abilities, Weirdness & Mutations

You have a pair of horns on your head.
You reflexively headbutt those who attack you in melee.


Message History

You feel sick. The adder bites you but does no damage. The adder bites you.
An adder is nearby!
An adder is nearby!
You slash the adder!
You kill the adder!
You feel sick.
You are no longer poisoned.
Your Fighting skill increases to level 4!
Your Armour skill increases to level 4!
Your Shields skill increases to level 4!
You have reached level 3!
Your experience leads to an increase in your attributes!
Increase (s)trength, (i)ntelligence, or (d)exterity?
You feel stronger. x2
You see here an adder corpse.
Found a robe.
You see here a +0 robe.
Found a scale mail.
You see here a +0 scale mail.
f - 3 scrolls labelled TESOKA SITH (gained 1)
Found a stone staircase leading down.
f - 4 scrolls labelled TESOKA SITH (gained 1) Done exploring.
Done exploring.
No target in view!
No target in view!
No target in view!
No target in view!
No target in view!
No target in view!
No target in view!
No target in view!
Done exploring.
Done exploring.
Search for what [? for help]? .
You see here 2 stones.
You see here a +2 pair of boots.
You start putting on your armour.
You continue putting on your +2 pair of boots. x4
You finish putting on your +2 pair of boots.
You see here 2 stones.
There is a stone staircase leading down here.
You climb downwards.
The orc shouts! x4; You hear a shout!
There is a stone staircase leading up here.
There are monsters nearby!
There are monsters nearby!
You closely miss the orc. Your headbutt misses the orc.
You block the orc's attack.
You barely miss the orc. You hit the orc. The orc hits you with a +0 mace.
The orc hits you but does no damage.
You closely miss the orc.
The orc is moderately wounded.
You hit the orc. You block the orc's attack. The orc closely misses you.
The orc barely misses you.
You closely miss the orc.
The orc is moderately wounded.
You slash the orc!
You kill the orc!
You hit the orc. You block the orc's attack.
You slash the orc!
You kill the orc!
You closely miss the orc.
An orc comes into view. It is wielding a +0 hand axe.
The orc closely misses you.
The orc hits you with a +2 flail of venom.
You are poisoned.
The orc misses you.
You barely miss the orc.
The orc is moderately wounded.
You slash the orc!
You kill the orc!
You feel very sick. The orc hits you but does no damage.
You slash the orc!
You kill the orc!
You feel very sick.
An orc comes into view. It is wielding a +0 hand axe.
You hit the orc but do no damage. Your headbutt misses the orc.
You feel sick. The orc hits you with a +0 hand axe.
You are too injured to fight recklessly!
You are too injured to fight recklessly!
You are too injured to fight recklessly!
You are too injured to fight recklessly!
You are too injured to fight recklessly!
You are too injured to fight recklessly!
You are too injured to fight recklessly!
You are too injured to fight recklessly!
You are too injured to fight recklessly!
You slash the orc!
You kill the orc!
You feel sick.
You hit the orc.
You kill the orc!
You feel sick. The orc hits you with a +0 hand axe.
* * * LOW HITPOINT WARNING * * *
You hit the orc.
The orc is severely wounded.
You feel sick. The orc hits you with a +0 hand axe.
You die...

# ##.
..
#.###
....
..#
#.###o#
#...)@#
####)##
...
####


You could see an orc.

Vanquished Creatures
  An adder (D:2)
  A ribbon worm (D:2)
  2 dart slugs
  6 orcs (D:3)
  3 ball pythons
  A bat (D:1)
  2 giant cockroaches
  2 hobgoblins
  2 frilled lizards (D:1)
  4 rats
24 creatures vanquished.

Notes
Turn   | Place    | Note
-------+----------+-------------------------------------------
     0 | D:1      | EnegeticOcto the Minotaur Fighter began the quest for the
                  | Orb.
     0 | D:1      | Reached XP level 1. HP: 19/19 MP: 0/0
   172 | D:1      | Reached XP level 2. HP: 27/27 MP: 1/1
   749 | D:2      | Reached XP level 3. HP: 25/33 MP: 2/2
  1110 | D:3      | Slain by an orc

Illustrated notes

Levels and vault maps discovered:
D:1:      dpeg_arrival_stonehenge_8_columns, layout_basic
D:2:      layout_basic, serial_curves, eino_curves_03, eino_curves_02,
          eino_curves_01, eino_curves_04
D:3:      layout_basic, serial_shops, nicolae_shop_stone, shop,
          mrwooster_statue_mirror

Skill      XL: |  1  2 |
---------------+-------+-----
Axes           | 3 |  3.5
Fighting       | 4 |  4.0
Armour         | 4 |  4.0
Shields        | 4 |  4.0

Action                     || total
---------------------------++-------
  Melee: War axe           ||    48
         Headbutt          ||     5
 Armour: Scale mail        ||    31
  Dodge: Dodged            ||    21
  Block: Buckler           ||    12
